 Dungeon Crawl Stone Soup version 0.17-a0-1987-gaf5a542 (webtiles) character file.

200 4thArraOfDagon the Ruffian (level 5, -14/45 HPs)
             Began as a Troll Air Elementalist on Oct 6, 2015.
             Was an Initiate of Cheibriados.
             Demolished by an ogre
             ... wielding a +0 giant spiked club
              (16 damage)
             ... on level 4 of the Dungeon.
             The game lasted 00:04:15 (898 turns).

4thArraOfDagon the Ruffian (Troll Air Elementalist)  Turns: 898, Time: 00:04:15

Health: -14/45     AC:  5    Str: 17    XL:     5   Next: 49%
Magic:  14/14      EV: 10    Int: 13    God:    Cheibriados [......]
Gold:   146        SH:  0    Dex: 11    Spells: 1 memorised, 4 levels left

rFire  . . .     SeeInvis .       - Unarmed
rCold  . . .     Clarity  .     a - +0 robe
rNeg   . . .     SustAt   .     (no shield)
rPois  .         Gourm    +     (helmet restricted)
rElec  .         Spirit   .     (no cloak)
rCorr  .         Warding  .     (gloves unavailable)
rMut   .         Stasis   .     (boots unavailable)
MR     +....                    (no amulet)
Stlth  +.........               g - ring of magical power
                                o - ring of protection from magic

@: repel missiles, very slow, somewhat resistant to hostile enchantments, very
unstealthy
A: unfitting armour, claws 3, fast metabolism 3, gourmand, regeneration 2,
shaggy fur 1, tough skin 2
a: Bend Time, Renounce Religion


You were on level 4 of the Dungeon.
You worshipped Cheibriados.
Cheibriados was noncommittal.
You were very full.

You visited 2 branches of the dungeon, and saw 5 of its levels.

You collected 146 gold pieces.

Inventory:

Hand Weapons
 p - a +0 giant spiked club
Armour
 a - a +0 robe (worn)
Jewellery
 e - an uncursed ring of sustain attributes
 g - a ring of magical power (right claw)
 o - a ring of protection from magic (left claw)
Scrolls
 d - 3 scrolls of identify {unknown}
 f - a scroll of immolation {unknown}
 j - a scroll of teleportation
 k - a scroll of magic mapping {unknown}
 m - a scroll of enchant weapon {unknown}
Potions
 l - a potion of degeneration {unknown}
 n - a potion of cure mutation {unknown}
Comestibles
 c - 3 bread rations
 h - 2 fruits
 i - a beef jerky


   Skills:
 - Level 1.5 Dodging
 - Level 1.1 Stealth
 * Level 5.3 Unarmed Combat
 - Level 1.2 Spellcasting
   Level 0.6 Conjurations
 - Level 2.0 Air Magic


You had 4 spell levels left.
You knew the following spells:

 Your Spells              Type           Power        Failure   Level  Hunger
b - Repel Missiles        Chrm/Air       #.....       30%         2    ###....


Dungeon Overview and Level Annotations

Branches:
Dungeon (4/15)             Temple (1/1) D:4

Altars:
Cheibriados
Gozag
Makhleb
Nemelex Xobeh
Okawaru
Sif Muna
Trog
Vehumet
Xom
Zin

Annotations:
D:1 Terence


Innate Abilities, Weirdness & Mutations

You are too large for most types of armour.
You have claws for hands.
Your metabolism is lightning-fast.
You like to eat raw meat.
You heal very quickly.
You are covered in fur (AC +1).
You have very tough skin (AC +2).


Message History

The ogre shouts!
The ogre barely misses you.
Found a buckler.
A quokka skeleton comes into view.
You completely miss the ogre.
The ogre hits you with a giant spiked club!
You claw the ogre!
The ogre is heavily wounded.
You claw the ogre!
The ogre is almost dead.
The ogre hits you with a giant spiked club!!
Ouch! That really hurt!
* * * LOW HITPOINT WARNING * * *
You are too injured to fight recklessly!
You are too injured to fight recklessly!
Unknown command.
You scratch the ogre.
The ogre is almost dead.
The ogre hits you with a giant spiked club!
You die...

#..#....<.......##+#..#
#.....(............#..#
#....#####.#.#######..#
#.............. ..#
#.########.#.###
#.............#
#..########...#
..........O.>.#
################@..#.##
...................Z..$.
##.#############........
#...## ##.....## .....#
.....# .8)8.# [....#
⌠.⌠..# .....# .>.8.#
###### ⌠.⌠..#


You could see an ogre and a quokka skeleton.

Vanquished Creatures
  An ogre (D:4)
  An orc wizard (D:4)
  A worker ant (D:4)
  2 adders
  An adder skeleton (D:4)
  5 orcs
  A bat (D:2)
  2 hobgoblins (D:2)
  2 kobolds (D:1)
  A quokka (D:2)
  3 giant geckos
  5 goblins
  4 rats
29 creatures vanquished.

Notes
Turn   | Place    | Note
--------------------------------------------------------------
     0 | D:1      | 4thArraOfDagon the Troll Air Elementalist began the quest for the Orb.
     0 | D:1      | Reached XP level 1. HP: 16/16 MP: 1/1
   166 | D:2      | Noticed Terence
   245 | D:1      | Reached skill level 1 in Unarmed Combat
   360 | D:2      | Reached XP level 2. HP: 24/24 MP: 2/2
   396 | D:2      | Found a shimmering altar of Xom.
   597 | D:3      | Reached XP level 3. HP: 29/31 MP: 3/3
   598 | D:3      | Found a sparkling altar of Nemelex Xobeh.
   666 | D:4      | Reached skill level 3 in Unarmed Combat
   728 | D:4      | Noticed an ogre
   737 | D:4      | Reached XP level 4. HP: 36/39 MP: 4/4
   754 | D:4      | Killed an ogre
   754 | D:4      | Reached skill level 5 in Unarmed Combat
   754 | D:4      | Reached XP level 5. HP: 28/45 MP: 5/5
   760 | D:4      | Learned a level 2 spell: Repel Missiles
   802 | D:4      | Found a staircase to the Ecumenical Temple.
   811 | Temple   | Entered the Ecumenical Temple
   854 | Temple   | Became a worshipper of Cheibriados the Contemplative
   892 | D:4      | Noticed an ogre
   897 | D:4      | HP: 2/45 [ogre/giant spiked club (28)]
   898 | D:4      | Demolished by an ogre

Vault maps used:
D:1:      roderic_crossed_star, minivault_11, minmay_door_square,
          minmay_misc_feat_alley, serial_bayou_lagoon_a
D:2:      lemuel_doored_altar, xom_teletrap_fun, first_bread, st_stairs_10,
          uniq_terence
D:3:      nemelex_xobeh_ov_fountains_minmay
D:4:      yredelemnul_altar_generic, ashenzari_altar_1, grunt_qazlal_clouds,
          minmay_temple_entry_statues_fountains
Temple:   circular_temple_pool_8

Action                   |  1- 3 |  4- 6 || total
-------------------------+-------+-------++-------
Melee: Unarmed           |    98 |    21 ||   119
 Cast: Shock             |       |     1 ||     1
       Repel Missiles    |       |     1 ||     1
  Use: Scroll            |       |     1 ||     1
 Stab: Sleeping          |     1 |       ||     1
  Eat: Chunk             |    12 |       ||    12
